 Dungeon Crawl Stone Soup version 0.31-a0-210-gccc998df9b (webtiles) character file.

Game seed: 15330154715952496131

5 qw the Shooter (level 1, -3/16 HPs)
             Began as a Minotaur Hexslinger on June 29, 2023.
             Slain by a quokka (5 damage)
             ... on level 1 of the Dungeon.
             The game lasted 00:00:04 (78 turns).

qw the Shooter (Minotaur Hexslinger)                  Turns: 78, Time: 00:00:04

Health: -3/16      AC:  2    Str: 12    XL:     1   Next: 66%
Magic:  1/1        EV: 12    Int: 10    God:
Gold:   9          SH:  0    Dex: 12    Spells: 1/2 levels left

rFire   . . .        a - +1 sling
rCold   . . .        (no shield)
rNeg    . . .        c - +0 robe
rPois   .            (helmet restricted)
rElec   .            (no cloak)
rCorr   .            (no gloves)
SInv    .            (no boots)
Will    .....        (no amulet)
Stlth   +            (no ring)
HPRegen 0.22/turn    (no ring)
MPRegen 0.07/turn

%: no passive effects
@: no status effects
A: horns 2, retaliatory headbutt
a: no special abilities


You were on level 1 of the Dungeon.
You visited 1 branch of the dungeon, and saw 1 of its levels.

You collected 9 gold pieces.


Innate Abilities, Weirdness & Mutations

You have a pair of horns on your head.
You reflexively headbutt those who attack you in melee.


   Skills:
 - Level 1.2 Fighting
 + Level 2.8 Ranged Weapons
 - Level 2.1 Dodging
 - Level 1.0 Spellcasting
 - Level 2.0 Hexes


You had one spell level left.
You knew the following spells:

 Your Spells              Type           Power      Damage    Failure   Level
a - Slow                  Hex            16%        N/A       16%         1

Your spell library contained the following spells:

 Spells                   Type           Power      Damage    Failure   Level
 Inner Flame              Hex/Fire       2%         N/A       56%         3
 Portal Projectile        Hex/Tloc       4%         N/A       56%         3
 Cause Fear               Hex            2%         N/A       83%         4

Inventory:

Hand Weapons
 a - a +1 sling (weapon)
Armour
 c - a +0 robe (worn)
Scrolls
 b - a scroll of poison
 d - a scroll of revelation {unknown}
 e - a scroll of noise {unknown}
 g - a scroll of vulnerability {unknown}
Potions
 f - a potion of ambrosia {unknown}

Dungeon Overview and Level Annotations

Branches:
Dungeon (1/15)

Altars:


Message History

The sling bullet closely misses the rat.
You shoot a sling bullet. The sling bullet hits the rat!
You kill the rat!
g - a scroll labelled OCEAPY FINIDD A quokka comes into view.
The quokka moves out of view.
A kobold comes into view. It is wielding a +0 short sword.
Found a robe.
The kobold shouts!
You hear a shout!
You shoot a sling bullet.
The sling bullet closely misses the kobold.
You shoot a sling bullet.
The sling bullet barely misses the quokka.
The quokka bites you.
You shoot a sling bullet.
The sling bullet hits the quokka but does no damage.
A goblin comes into view. It is wielding a +0 dagger.
The quokka misses you.
You shoot a sling bullet. The sling bullet hits the quokka.
The quokka is severely wounded.
The quokka barely misses you.
The quokka bites you but does no damage.
You shoot a sling bullet.
The sling bullet closely misses the quokka.
The kobold barely misses you. The quokka bites you.
You shoot a sling bullet. The sling bullet hits the quokka.
The quokka is almost dead.
The quokka closely misses you. The kobold barely misses you.
You furiously retaliate!
You headbutt the kobold. The quokka closely misses you.
The kobold hits you with a +0 short sword.
You shoot a sling bullet.
The sling bullet barely misses the quokka.
The sling bullet closely misses the goblin.
The quokka bites you. The kobold hits you but does no damage.
You shoot a sling bullet.
The sling bullet closely misses the quokka.
The sling bullet hits the goblin!
You kill the goblin!
The quokka bites you.
You die...

###)........####
. #.....# #.....
.#####....(##
#####.
............# #.
#.###%.....# #.
#......###.## #.
#..##.##
##.#######.
[.###.K#.##
##......>.
.....)r@.#
#.#######
#####.##.# #.#
.. ##.# .## #..
..# .. # #.
.#..... . ..
.#.###. # . .# #
#. # .#


You could see a quokka and a kobold.

Vanquished Creatures
  An endoplasm (D:1)
  2 goblins (D:1)
  A hobgoblin (D:1)
  2 rats (D:1)
6 creatures vanquished.

Notes
Turn   | Place    | Note
-------+----------+-------------------------------------------
     0 | D:1      | qw the Minotaur Hexslinger began the quest for the Orb.
     0 | D:1      | Reached XP level 1. HP: 16/16 MP: 1/1
     0 | D:1      | 0 ||| qw: Version: 0.3-a-24-ga2abf7b
     0 | D:1      | 0 ||| qw: Game counter: 6896
     0 | D:1      | 0 ||| qw: Melee chars always use a shield: true
     0 | D:1      | 0 ||| qw: God list: Okawaru
     0 | D:1      | 0 ||| qw: Allow faded altars: false
     0 | D:1      | 0 ||| qw: Do Orc after clearing Dungeon:15 true
     0 | D:1      | 0 ||| qw: Do second Lair branch before Depths: true
     0 | D:1      | 0 ||| qw: Lair rune preference: random
     0 | D:1      | 0 ||| qw: Goals: Normal
     0 | D:1      | 0 ||| PLANNING D:1-11
    77 | D:1      | HP: 2/16 [quokka (5)]
    78 | D:1      | Slain by a quokka

Levels and vault maps discovered:
D:1:      dpeg_arrival_pits, layout_loops_ring, minmay_vboxes

Action                     || total
---------------------------++-------
   Fire: Sling             ||    20
 Armour: Robe              ||     2
  Dodge: Dodged            ||     8

Table legend:
 A = Non-vault XP
 B = Vault XP
 C = Vault XP percentage of total XP
 D = Non-vault monster count
 E = Vault monster count
 F = Vault count percentage of total count
                 A         B        C        D         E       F
            +---------+---------+-------+---------+---------+-------
      Total |      10 |       0 |   0.0 |       6 |       0 |   0.0
            +---------+---------+-------+---------+---------+-------
        D:1 |      10 |       0 |   0.0 |       6 |       0 |   0.0
            +---------+---------+-------+---------+---------+-------
